 Dungeon Crawl Stone Soup version 0.20.1-1-g8b1a95d (webtiles) character file.

238 myopia the Fighter (level 6, -3/72 HPs)
             Began as an Ogre Hunter on Jan 1, 2018.
             Was an Initiate of Hepliaklqana.
             Slain by Edmund
             ... wielding a +1 flail of protection
              (5 damage)
             ... on level 4 of the Dungeon.
             The game lasted 00:13:16 (1957 turns).

myopia the Fighter (Ogre Hunter)                    Turns: 1957, Time: 00:13:17

Health: -3/72      AC:  5    Str: 22    XL:     6   Next: 7%
Magic:  6/6        EV: 10    Int: 14    God:    Hepliaklqana [......]
Gold:   171        SH:  0    Dex: 11    Spells: 5/5 levels left

rFire    . . .     SeeInvis .   a - +0 short sword
rCold    . . .     Gourm    .   (no shield)
rNeg     . . .     Faith    .   b - +0 robe
rPois    +         Spirit   .   (helmet restricted)
rElec    .         Reflect  .   (no cloak)
rCorr    .         Harm     .   (gloves unavailable)
MR       .....                  (boots unavailable)
Stlth    +.........             (no amulet)
Regen    0.3/turn               p - ring of wizardry
MPRegen  0.1/turn               (no ring)

@: mighty
A: unfitting armour, reduced essence, yellow scales 1, clever 1, poison
resistance, robust 1, tough skin 1
a: Recall Ancestor, Ancestor Identity, Renounce Religion


You were on level 4 of the Dungeon.
You worshipped Hepliaklqana.
Hepliaklqana was noncommittal.
You were hungry.

You visited 1 branch of the dungeon, and saw 4 of its levels.

You collected 171 gold pieces.

Inventory:

Hand Weapons
 a - a +0 short sword (weapon)
 k - a +2 vampiric dagger
Armour
 b - a +0 robe (worn)
 e - a +1 pair of gloves
Jewellery
 p - a ring of wizardry (left hand)
Wands
 t - a wand of iceblast (12/15)
Scrolls
 i - a scroll of identify
 l - a scroll of recharging {unknown}
 m - a scroll of magic mapping {unknown}
 n - a scroll of fear {unknown}
 s - a scroll of teleportation {unknown}
 u - a scroll of fog {unknown}
 v - a scroll of amnesia {unknown}
 w - a scroll of blinking {unknown}
Potions
 h - a potion of lignification {unknown}
 o - a potion of brilliance
Comestibles
 d - a royal jelly
 f - a bread ration
 g - 2 meat rations
 r - 2 fruits
 x - 9 chunks of flesh


   Skills:
 + Level 8.1 Fighting
 - Level 4.0 Throwing
 - Level 1.7 Dodging
 - Level 0.6 Stealth


You had 5 spell levels left.
You didn't know any spells.

Dungeon Overview and Level Annotations

Branches:
Dungeon (4/15)
 Temple: D:4-7

Altars:
Hepliaklqana
Ru
Zin
Beogh

Annotations:
D:4 Edmund


Innate Abilities, Weirdness & Mutations

You are too large for most types of armour.
You have tough skin. (AC +1)
Your life essence is reduced to manifest your ancestor. (-10% HP)
You are partially covered in yellow scales. (AC +2)
Your mind is acute. (Int +2)
Your system is resistant to poisons. (rPois)
You are robust. (+10% HP)


Message History

Edmund barely misses you.
Ferran hits Edmund but does no damage.
You barely miss Edmund.
Edmund is severely wounded.
Edmund barely misses you.
Ferran hits Edmund.
You puncture Edmund!
Edmund is almost dead.
Edmund hits you with a flail of protection.
* * * LOW HITPOINT WARNING * * *
Ferran hits Edmund but does no damage.
You completely miss Edmund.
Edmund is almost dead.
Edmund hits you with a flail of protection!
* * * LOW HITPOINT WARNING * * *
Ferran closely misses Edmund.
You barely miss Edmund.
Edmund is almost dead.
Ferran barely misses Edmund.
Edmund says, "I might not be good at magic, but I can still kill you!"
Edmund hits you with a flail of protection.
You die...

...#
...#####.##.......##
###### .##
#.###.....## ......
# #.# #####..#
...... #.. ##.#
...... ####.####
#.## ......
.##.......## #..#
......
......>....####.#
...... #...........#
#.# ......
#......@....# #.#
...... #..!%..@R...#
#.# ####..
........(..####.#
.##...#.........#
##..#.######..##
##...# #...# #..(.
##### #..##. #..# #


You could see the friendly Ferran the ancestor and Edmund.

Vanquished Creatures
  2 orc priests (D:3)
  2 hounds (D:4)
  A worker ant (D:4)
  3 gnolls (D:4)
  3 worms
  A dart slug (D:2)
  A leopard gecko (D:2)
  7 orcs (D:3)
  2 bats (D:1)
  2 giant cockroaches
  6 goblins
  5 hobgoblins
  7 kobolds
  A quokka (D:3)
  A ball python (D:4)
  3 frilled lizards
  9 rats
56 creatures vanquished.

Vanquished Creatures (collateral kills)
  An orc (D:4)
1 creature vanquished.

Grand Total: 57 creatures vanquished

Notes
Turn   | Place    | Note
-------+----------+-------------------------------------------
     0 | D:1      | myopia the Ogre Hunter began the quest for the Orb.
     0 | D:1      | Reached XP level 1. HP: 22/22 MP: 1/1
    17 | D:1      | Reached skill level 3 in Fighting
   106 | D:1      | Reached XP level 2. HP: 10/31 MP: 2/2
   334 | D:1      | Reached skill level 4 in Fighting
   602 | D:2      | Found a sacrificial altar of Ru.
   616 | D:2      | Reached XP level 3. HP: 40/40 MP: 3/3
   783 | D:2      | Found a glowing silver altar of Zin.
  1035 | D:3      | Reached skill level 5 in Fighting
  1230 | D:3      | Found a roughly hewn altar of Beogh.
  1232 | D:3      | Reached XP level 4. HP: 31/52 MP: 4/4
  1330 | D:3      | Reached skill level 6 in Fighting
  1461 | D:3      | Reached XP level 5. HP: 51/61 MP: 5/5
  1526 | D:3      | Gained mutation: You are robust. (+10% HP) [potion of mutation]
  1526 | D:3      | Gained mutation: You are partially covered in yellow scales. (AC +2) [potion of mutation]
  1526 | D:3      | Gained mutation: Your system is resistant to poisons. (rPois) [potion of mutation]
  1526 | D:3      | Gained mutation: Your mind is acute. (Int +2) [potion of mutation]
  1774 | D:4      | Reached skill level 7 in Fighting
  1800 | D:4      | Found a hazy altar of Hepliaklqana.
  1803 | D:4      | Became a worshipper of Hepliaklqana the Forgotten
  1875 | D:4      | Reached skill level 8 in Fighting
  1875 | D:4      | Reached XP level 6. HP: 31/72 MP: 6/6
  1924 | D:4      | Noticed Edmund
  1956 | D:4      | HP: 2/72 [Edmund/flail of protection (7)]
  1957 | D:4      | Slain by Edmund

Skill      XL: |  1  2  3  4  5 |
---------------+----------------+-----
Fighting       | 3 4 5 6 8 |  8.1
Throwing       | |  4.0
Dodging        | |  1.7
Stealth        | |  0.6

Action                   |  1- 3 |  4- 6 || total
-------------------------+-------+-------++-------
Melee: Short sword       |    63 |    78 ||   141
Throw: Large rock        |    37 |    23 ||    60
       Throwing net      |     4 |     2 ||     6
  Use: Scroll            |       |     5 ||     5
       Potion            |       |     2 ||     2
 Stab: Sleeping          |     1 |     1 ||     2
  Eat: Chunk             |     1 |     2 ||     3
Armor: Robe              |    27 |    22 ||    49
Dodge: Dodged            |    52 |    44 ||    96
